 Dungeon Crawl Stone Soup version 0.28-a0-612-gcfc00ec14d (webtiles) character file.

Game seed: 2523209482675204751

4514 kae the Severer (level 10, -2/94 HPs)
             Began as a Hill Orc Fighter on Oct 5, 2021.
             Slain by a wyvern (11 damage)
             ... on level 8 of the Dungeon.
             The game lasted 00:07:04 (10358 turns).

kae the Severer (Hill Orc Fighter)                 Turns: 10358, Time: 00:07:04

Health: -2/94      AC: 10    Str: 23    XL:     10   Next: 39%
Magic:  10/10      EV:  9    Int: 14    God:
Gold:   491        SH:  4    Dex: 12    Spells: 9/9 levels left

rFire   + . .      SeeInvis .   j - +2 hand axe (vamp)
rCold   . . .      Faith    .   c - +0 buckler
rNeg    + . .      Spirit   .   b - +0 scale mail
rPois   .          Reflect  .   (no helmet)
rElec   .          Harm     .   n - +2 cloak
rCorr   .          Rampage  .   (no gloves)
Will    .....                   (no boots)
Stlth   ..........              (no amulet)
HPRegen 0.25/turn               h - ring of positive energy
MPRegen 0.12/turn               i - ring "Plog" {rF+ Int+6 Dex+2}

@: slowed, very slow
A: no striking features
a: Convert to Beogh


You were on level 8 of the Dungeon.
You visited 2 branches of the dungeon, and saw 9 of its levels.

You collected 491 gold pieces.

Inventory:

Hand Weapons
 a - a +0 war axe
 j - a +2 vampiric hand axe (weapon)
Missiles
 m - 2 throwing nets (quivered)
Armour
 b - a +0 scale mail (worn)
 c - a +0 buckler (worn)
 n - a +2 cloak (worn)
Jewellery
 h - a ring of positive energy (left hand)
 i - the ring "Plog" (right hand) {rF+ Int+6 Dex+2}
   (You found it on level 4 of the Dungeon)

   [ring of intelligence]

   Int:       It affects your intelligence (+6).
   Dex:       It affects your dexterity (+2).
   rF:        It protects you from fire.
 p - a ring of protection from cold
 q - the macabre finger necklace {rN+}
   (You found it on level 7 of the Dungeon)

   [amulet of nothing]

   It enables you to equip an extra ring.
   rN:        It protects you from negative energy.
Wands
 d - a wand of flame (18)
 l - a wand of acid (9)
Scrolls
 k - a scroll of teleportation
 o - a scroll of amnesia
 r - 2 scrolls of identify
Potions
 e - 2 potions of brilliance
 f - a potion of curing
 g - a potion of attraction


   Skills:
 + Level 10.9 Fighting
 * Level 15.7 Axes
 - Level 3.2 Armour
 - Level 3.2 Shields


You had 9 spell levels left.
You didn't know any spells.
Your spell library contained the following spells:

 Spells                   Type           Power      Damage    Failure   Level
 Magic Dart               Conj           0%         1d3       61%         1
 Sandblast                Erth           0%         2d4       61%         1
 Shock                    Conj/Air       0%         1d3       61%         1
 Call Imp                 Summ           0%         N/A       75%         2
 Passwall                 Tmut/Erth      0%         N/A       75%         2
 Call Canine Familiar     Summ           0%         N/A       93%         3
 Conjure Flame            Conj/Fire      0%         6-21      93%         3
 Ignite Poison            Fire/Tmut/Pois 0%         N/A       93%         3
 Mephitic Cloud           Conj/Pois/Air  0%         N/A       93%         3
 Portal Projectile        Hex/Tloc       0%         N/A       93%         3
 Stone Arrow              Conj/Erth      0%         3d7       93%         3
 Swiftness                Air            0%         N/A       93%         3
 Airstrike                Air            0%         N/A       100%        4
 Leda's Liquefaction      Hex/Erth       0%         N/A       100%        4
 Sticky Flame             Conj/Fire      0%         2d3       100%        4
 Blade Hands              Tmut           0%         N/A       100%        5
 Excruciating Wounds      Necr           0%         N/A       100%        5


Dungeon Overview and Level Annotations

Branches:
Dungeon (8/15)             Temple (1/1) D:6
   Lair: D:8-11

Altars:
Ashenzari
Cheibriados
Dithmenos
Elyvilon
Fedhas
Gozag
Hepliaklqana
Kikubaaqudgha
Makhleb
Nemelex Xobeh
Okawaru
Qazlal
Ru
Sif Muna
Trog
Uskayaw
Vehumet
Wu Jian
Xom
Yredelemnul
Zin
The Shining One

Shops:
D:4 (

Annotations:
D:7 exclusion: statue
D:8 Prince Ribbit


Message History

An orc priest comes into view. It is wielding a +0 hand axe.
The bullfrog hits you but does no damage.
A wyvern comes into view.
You see here a hornet corpse.
You feel very sick.
The orc wizard gestures at you while chanting.
The puff of flame hits you. You resist.
* * * LOW HITPOINT WARNING * * *
The bullfrog barely misses you.
The bullfrog hits you but does no damage.
* * * LOW HITPOINT WARNING * * *
You feel very sick.
Prince Ribbit comes into view.
An orc wizard comes into view. It is wielding a +0 dagger.
The orc wizard gestures at you while chanting.
The puff of flame hits you. You resist.
* * * LOW HITPOINT WARNING * * *
The bullfrog hits you but does no damage.
* * * LOW HITPOINT WARNING * * *
You feel very sick.
Prince Ribbit blinks!
An orc comes into view. It is wielding a +0 club.
The bullfrog barely misses you.
Okay, then.
Okay, then.
Really quaff the potion of attraction? [Y]es or [N]o only, please.
Really quaff the potion of attraction? [Y]es or [N]o only, please.
Really quaff the potion of attraction?
Okay, then.
Unknown command.
You feel better.
The sentinel's mark upon you fades away.
You block the bullfrog's attack.
The wyvern bites you but does no damage.
The bullfrog hits you.
* * * LOW HITPOINT WARNING * * *
The wyvern bites you!
You die...

..............
.............
#...........
#....o......
#†...o......
#...†.......
#..o........
#Fl......###
##@..######
#..### ##..#
##o.## #.F##
##.§# ##..o##
#.....#
##.....##


You could see Prince Ribbit, a wyvern, a bullfrog, an orc priest, 2 orc wizards
and 2 orcs.

Vanquished Creatures
  An ugly thing (D:7)
  Joseph (D:8)
  A centaur zombie (D:5)
  A hornet (D:8)
  Sigmund (D:6)
  A wraith (D:6)
  Eustachio (D:6)
  A water moccasin (D:7)
  An orc warrior (D:6)
  3 ice beasts
  A black bear (D:6)
  3 necrophages
  3 ogres
  A centaur (D:6)
  A phantom (D:5)
  Blork the orc (D:6)
  2 bullfrogs
  A scorpion (D:5)
  A wyvern zombie (D:8)
  A water moccasin zombie (D:4)
  A water moccasin skeleton (D:6)
  2 howler monkeys
  3 jellies
  5 hounds
  4 orc priests
  2 centaur skeletons
  8 iguanas
  4 orc wizards
  A scorpion zombie (D:5)
  A killer bee zombie (D:7)
  A hound skeleton (D:4)
  A howler monkey skeleton (D:6)
  6 adders
  8 gnolls
  A white imp (D:5)
  2 ufetubi
  A worm (D:4)
  4 dart slugs
  32 orcs
  5 ball pythons
  2 bats
  4 endoplasms
  5 giant cockroaches
  5 goblins
  8 hobgoblins
  4 jackals (D:5)
  8 kobolds
  4 quokkas
  5 frilled lizards
  A quokka skeleton (D:4)
  3 rats
168 creatures vanquished.

Vanquished Creatures (others)
  6 plants
6 creatures vanquished.

Grand Total: 174 creatures vanquished

Notes
Turn   | Place    | Note
-------+----------+-------------------------------------------
     0 | D:1      | kae the Hill Orc Fighter began the quest for the Orb.
     0 | D:1      | Reached XP level 1. HP: 19/19 MP: 1/1
    27 | D:1      | Reached skill level 3 in Axes
   166 | D:1      | Reached XP level 2. HP: 27/27 MP: 2/2
   587 | D:1      | Found a faded altar of an unknown god.
  1023 | D:2      | Reached skill level 4 in Axes
  1155 | D:2      | Reached XP level 3. HP: 31/33 MP: 3/3
  1931 | D:3      | Reached XP level 4. HP: 33/41 MP: 4/4
  2015 | D:3      | Reached skill level 5 in Axes
  2126 | D:3      | Found a stormy altar of Qazlal.
  2691 | D:4      | Found Sibruis's Firing Range.
  2764 | D:4      | Noticed a necrophage
  2999 | D:3      | Reached XP level 5. HP: 40/47 MP: 5/5
  3001 | D:3      | Killed a necrophage
  3002 | D:3      | Reached skill level 5 in Fighting
  3002 | D:3      | Reached skill level 6 in Axes
  3172 | D:4      | Reached XP level 6. HP: 55/56 MP: 6/6
  3291 | D:4      | Reached skill level 7 in Axes
  3884 | D:4      | Identified the ring "Plog" {rF+ Int+6 Dex+2}
  4099 | D:5      | Entered Level 5 of the Dungeon
  4377 | D:5      | Reached skill level 8 in Axes
  4377 | D:5      | Reached XP level 7. HP: 53/63 MP: 7/7
  4466 | D:5      | Found a white marble altar of Elyvilon.
  4523 | D:5      | Found a sacrificial altar of Ru.
  4622 | D:5      | Reached skill level 9 in Axes
  4631 | D:5      | Reached XP level 8. HP: 40/73 MP: 8/8
  4844 | D:5      | Reached skill level 10 in Axes
  5483 | D:5      | Found an iron altar of Okawaru.
  5970 | D:5      | Reached skill level 11 in Axes
  6327 | D:6      | Noticed Blork the orc
  6347 | D:6      | Killed Blork the orc
  6807 | D:6      | Reached skill level 12 in Axes
  6807 | D:6      | Reached XP level 9. HP: 67/82 MP: 9/9
  7626 | D:6      | Reached skill level 13 in Axes
  7738 | D:6      | Found a staircase to the Ecumenical Temple.
  7743 | D:6      | Noticed Eustachio
  7755 | D:6      | Noticed Sigmund
  7813 | D:6      | Killed Sigmund
  7884 | D:6      | Killed Eustachio
  7885 | D:6      | Reached skill level 14 in Axes
  8040 | Temple   | Entered the Ecumenical Temple
  8810 | D:7      | Found a glowing silver altar of Zin.
  8810 | D:7      | Found a basalt altar of Yredelemnul.
  8862 | D:7      | Found the macabre finger necklace {rN+}
  8950 | D:7      | Reached skill level 10 in Fighting
  9088 | D:6      | Noticed a rust devil
  9088 | D:6      | Noticed a rust devil
  9327 | D:7      | Reached XP level 10. HP: 79/93 MP: 10/10
  9589 | D:7      | Noticed a red ugly thing
  9607 | D:7      | Killed a red ugly thing
  9608 | D:7      | Reached skill level 15 in Axes
  9895 | D:7      | Found a radiant altar of Vehumet.
  9983 | D:7      | Found a shadowy altar of Dithmenos.
  9984 | D:7      | Found a hazy altar of Hepliaklqana.
 10019 | D:8      | Noticed Joseph
 10047 | D:8      | Killed Joseph
 10344 | D:8      | Paralysed by a hornet for 1 turns
 10356 | D:8      | Noticed Prince Ribbit
 10357 | D:8      | HP: 3/94 [poisoned by a hornet]
 10358 | D:8      | Slain by a wyvern

Illustrated notes

Levels and vault maps discovered:
D:1:      dpeg_arrival_tiny_a, layout_basic,
          shapermc_ecumenical_altar_mp_ritualfount, serial_bayou_pond_d
D:2:      layout_basic
D:3:      layout_rooms, nicolae_qazlal_general_emergency,
          hangedman_decor_points, chequers_serial_rivers_room_b,
          kennysheep_generic_room_8
D:4:      minmay_clustersquares, layout_rooms, nicolae_shop_firing_range
D:5:      layout_basic, lemuel_doored_altar,
          nicolae_ru_great_annihilating_truth, mainiacjoe_overflow_chevrons,
          serial_co_window_serial, co_window_paths_b, co_window_paths_b,
          co_window_corner_a, co_window_paths_a, co_window_of_opportunity_a,
          co_window_broadway_c, co_window_of_opportunity_b,
          co_window_unsneaky_path_c, co_window_4corner_a, glass_columns_a,
          grunt_ministairs_1
D:6:      cheibrodos_iron_armory, layout_loops_ring, minmay_temple_entry_mist,
          grunt_potential, uniq_sigmund, uniq_eustachio, uniq_blork_the_orc
D:7:      layout_loops_ring, vehumet_statue,
          riverfiend_overflow_shadow_ancestor, gammafunk_temple_overflow_statue,
          lemuel_flamethrower_2
D:8:      layout_cave_pods, uniq_joseph, uniq_prince_ribbit1
Temple:   cyrus_circular_temple

Skill      XL: |  1  2  3  4  5  6  7  8  9 10 |
---------------+-------------------------------+-----
Axes           | 3 4 5 6 8 9 12 14 15 | 15.7
Fighting       | 4 5 6 7 8 10 | 10.9
Armour         | |  3.2
Shields        | |  3.2

Action                   |  1- 3 |  4- 6 |  7- 9 | 10-12 || total
-------------------------+-------+-------+-------+-------++-------
Melee: War axe           |   104 |   165 |   112 |       ||   381
       Hand axe          |       |       |   322 |    80 ||   402
  Use: Scroll            |     1 |     4 |     5 |     1 ||    11
       Potion            |       |       |     6 |     2 ||     8
 Stab: Paralysed         |       |       |     1 |       ||     1
Armor: Scale mail        |    35 |    70 |   144 |    20 ||   269
Dodge: Dodged            |    53 |    82 |   172 |    14 ||   321
Block: Buckler           |    20 |    32 |    62 |    12 ||   126

Table legend: (Time is in decaauts)
 A = Elapsed time spent in this place.
 B = Non-inter-level travel time spent in this place.
 C = Inter-level travel time spent in this place.
 D = Time resting spent in this place.
 E = Time spent auto-exploring this place.
 F = Levels seen in this place.
 G = Mean time per level.
                   A        B        C        D        E       F      G
               +--------+--------+--------+--------+--------+-----+--------+
         Total |  10315 |   9851 |    464 |   1962 |   6438 |   9 | 1146.1 |
       Dungeon |  10184 |   9730 |    454 |   1962 |   6325 |   8 | 1273.0 |
        Temple |    130 |    120 |     10 |      0 |    113 |   1 |  130.0 |
               +--------+--------+--------+--------+--------+-----+--------+

Top non-repeatable levels by time:
     D:5: 2385 daAuts
     D:6: 1654 daAuts
     D:4: 1469 daAuts
     D:3: 1231 daAuts
     D:7: 1205 daAuts
     D:2: 966 daAuts
     D:1: 948 daAuts
     D:8: 323 daAuts
  Temple: 130 daAuts
